 Dungeon Crawl Stone Soup version 0.31-a0-180-g519b7de00c (webtiles) character file.

Game seed: 11167754591470531223

20 Maxmaps the Vexing (level 2, -2/21 HPs)
             Began as a Demonspawn Hexslinger on June 19, 2023.
             Slain by a gnoll
             ... wielding a +3 flail
              (8 damage)
             ... on level 2 of the Dungeon.
             The game lasted 00:00:38 (777 turns).

Maxmaps the Vexing (Demonspawn Hexslinger)           Turns: 777, Time: 00:00:39

Health: -2/21      AC:  5    Str:  8    XL:     2   Next: 58%
Magic:  3/3        EV: 10    Int: 14    God:
Gold:   52         SH:  0    Dex: 15    Spells: 2/3 levels left

rFire   . . .        d - +1 dagger (venom)
rCold   . . .        (no shield)
rNeg    . . .        e - +0 ring mail
rPois   .            (helmet restricted)
rElec   .            (no cloak)
rCorr   .            (no gloves)
SInv    .            (no boots)
Will    .....        (no amulet)
Stlth   +            (no ring)
HPRegen 0.23/turn    (no ring)
MPRegen 0.08/turn

%: no passive effects
@: no status effects
A: antennae 1
a: no special abilities


You were on level 2 of the Dungeon.
You visited 1 branch of the dungeon, and saw 2 of its levels.

You collected 52 gold pieces.

Inventory:

Hand Weapons
 a - a +1 sling
 d - a +1 dagger of venom (weapon)
Armour
 c - a +0 robe
 e - a +0 ring mail (worn)
Scrolls
 b - a scroll of poison
 f - a scroll of identify {unknown}
 g - 2 scrolls of vulnerability {unknown}
 h - a scroll of fog {unknown}
 i - a scroll of fear {unknown}


   Skills:
 - Level 1.0 Fighting
 + Level 1.8 Short Blades
 - Level 2.0 Ranged Weapons
 - Level 1.7 Dodging
 - Level 1.0 Spellcasting
 - Level 3.0 Hexes


You had 2 spell levels left.
You knew the following spells:

 Your Spells              Type           Power      Damage    Failure   Level
a - Slow                  Hex            36%        N/A       24%         1

Your spell library contained the following spells:

 Spells                   Type           Power      Damage    Failure   Level
 Inner Flame              Hex/Fire       4%         N/A       78%         3
 Portal Projectile        Hex/Tloc       8%         N/A       78%         3
 Cause Fear               Hex            4%         N/A       93%         4


Dungeon Overview and Level Annotations

Branches:
Dungeon (2/15)

Altars:


Innate Abilities, Weirdness & Mutations

You have a pair of small antennae on your head.


Message History

Done exploring.
No target in view!
Done exploring.
(D) Dungeon
Where to? (Enter - D:1 @ (x,y), ? - help)
What level of the Dungeon? (default 1, ? - help)
You see here 5 stones.
There is a stone staircase leading down here.
You climb downwards.
Found an escape hatch in the ceiling.
There is a stone staircase leading up here.
Found a stone staircase leading up.
No target in view!
Found a spear.
No target in view!
A rat comes into view.
A gnoll comes into view. It is wielding a +0 spear.
The gnoll shouts!
You hear a shout!
A gnoll comes into view. It is wielding a +0 spear.
You hear a shout!
There are monsters nearby!
There are monsters nearby! 2 gnolls come into view.
Found 4 stones.
The gnoll shouts! x2
The gnoll barely misses you.
Found 11 gold pieces.
The gnoll barely misses you. The gnoll hits you with a +3 flail!
The gnoll barely misses you.
The gnoll hits you from afar with a +0 spear.
You are too injured to fight recklessly!
Unknown command.
The gnoll attacks as you move away! The gnoll barely misses you.
The gnoll attacks as you move away! The gnoll barely misses you.
The gnoll hits you from afar with a +0 spear. x2
The gnoll attacks as you move away! The gnoll hits you with a +3 flail.
* * * LOW HITPOINT WARNING * * *
The rat attacks as you move away! The rat barely misses you.
The gnoll attacks as you move away! The gnoll closely misses you.
The gnoll attacks as you move away! The gnoll hits you with a +3 flail!
You die...

...........##.###
................#
..............#.#
.................
.....<.........#
..##...........#
..........####.#
.........<.....#
.......@######...
..#....g#######.#
........g.......#
.....####r###...
....<..g{g.......
.....#...........
.... +..........(
... #.....).####
#.........


You could see 3 gnolls and a rat.

Vanquished Creatures
  A dart slug (D:1)
  5 bats (D:1)
  An endoplasm (D:1)
  3 goblins (D:1)
  2 hobgoblins (D:1)
  A ball python (D:1)
  3 frilled lizards (D:1)
  A rat (D:1)
17 creatures vanquished.

Notes
Turn   | Place    | Note
-------+----------+-------------------------------------------
     0 | D:1      | Maxmaps the Demonspawn Hexslinger began the quest for the
                  | Orb.
     0 | D:1      | Reached XP level 1. HP: 15/15 MP: 2/2
   156 | D:1      | Reached skill level 1 in Short Blades
   227 | D:1      | Gained mutation: You have a pair of small antennae on your
                  | head. [demonic ancestry]
   227 | D:1      | Reached XP level 2. HP: 21/21 MP: 3/3
   777 | D:2      | Slain by a gnoll

Illustrated notes

Levels and vault maps discovered:
D:1:      matt_arrival_los_fun, layout_loops_ring
D:2:      kennysheep_the_goblin_king, layout_basic, serial_shops,
          nicolae_shop_pleasant_corner_grove, basic_altar,
          nicolae_kite_square_tiling_tiny, uniq_sigmund, uniq_crazy_yiuf_cottage

Skill      XL: |  1 |
---------------+----+-----
Ranged Weapons | 2 |  2.0
Short Blades   | 1 |  1.8
Fighting       | |  1.0
Dodging        | |  1.7
Spellcasting   | |  1.0
Hexes          | |  3.0

Action                     || total
---------------------------++-------
  Melee: Dagger            ||    33
   Fire: Sling             ||     9
 Armour: Ring mail         ||    13
  Dodge: Dodged            ||    28

Table legend: (Time is in decaauts)
 A = Elapsed time spent in this place.
 B = Non-inter-level travel time spent in this place.
 C = Inter-level travel time spent in this place.
 D = Time resting spent in this place.
 E = Time spent auto-exploring this place.
 F = Levels seen in this place.
 G = Mean time per level.
                   A        B        C        D        E       F      G
               +--------+--------+--------+--------+--------+-----+--------+
         Total |    777 |    736 |     41 |      0 |    616 |   2 |  388.5 |
       Dungeon |    777 |    736 |     41 |      0 |    616 |   2 |  388.5 |
               +--------+--------+--------+--------+--------+-----+--------+

Top non-repeatable levels by time:
     D:1: 765 daAuts
     D:2: 12 daAuts
